 Dungeon Sprint DCSS version 0.16-a0-3803-gd4b2de5 (webtiles) character file.

8 PolkaDot the Basher (level 2, -17/26 HPs)
             Began as a Draconian Chaos Knight on Jan 26, 2015.
             Was a Plaything of Xom.
             Demolished by a merfolk
             ... wielding a +0 trident
              (25 damage)
             ... in the Dungeon (Sprint V: "Ziggurat Sprint").
             The game lasted 00:01:04 (31 turns).

PolkaDot the Basher (Draconian Chaos Knight)          Turns: 31, Time: 00:01:04

Health: -17/26     AC:  4    Str: 14    XL:     2   Next: 0%
Magic:  2/2        EV: 19    Int: 12    God:    Xom [..*...]
Gold:   0          SH:  0    Dex: 27    Spells: 0 memorised, 1 level left

rFire  . . .     SeeInvis .     E - +4 Mace of Variability {chaos}
rCold  . . .     Clarity  .     (armour unavailable)
rNeg   . . .     SustAb   .     (no shield)
rPois  .         Gourm    .     (helmet restricted)
rElec  .         Spirit   .     (no cloak)
rCorr  .         Warding  .     (no gloves)
rMut   .         NoTele   +     (no boots)
MR     .....                    (no amulet)
Stlth  +++.......               D - +6 ring of dexterity
                                C - +6 ring of dexterity

@: agile, not resistant to hostile enchantments, fairly stealthy
A: unfitting armour, cold-blooded, AC +4
a: Renounce Religion


You were in the Dungeon.
You worshipped Xom.
You were a toy of Xom.
You were not hungry.

You visited 1 branch

Inventory:

Hand weapons
 E - the +4 Mace of Variability (weapon) {chaos}
   (You found it in the Dungeon)

   Each time it hits an enemy it has a different, random effect.
Jewellery
 C - a +6 ring of dexterity (left hand)
 D - a +6 ring of dexterity (right hand)
Magical devices
 y - a wand of disintegration (7)
 z - a wand of fire (5)
 A - a wand of cold (5)
 B - a wand of draining (5)
Scrolls
 i - 4 scrolls of blinking
 p - 4 scrolls of amnesia
 q - 3 scrolls of recharging
 r - 7 scrolls of fog
 s - a scroll of holy word
 t - 5 scrolls of identify
 u - 5 scrolls of remove curse
 v - 2 scrolls of fear
Potions
 b - 2 potions of brilliance
 d - 10 potions of curing
 e - 10 potions of heal wounds
 f - 6 potions of haste
 g - 7 potions of magic
 h - 3 potions of berserk rage
 j - 2 potions of invisibility
 k - 2 potions of restore abilities
 l - 4 potions of resistance
 n - 4 potions of agility
 o - 5 potions of might
Comestibles
 c - 5 bread rations
 w - 42 fruits
 x - 4 meat rations


   Skills:
 + Level 3.2 Fighting
 * Level 8.0 Maces & Flails
 + Level 2.1 Dodging


You had one spell level left.
You didn't know any spells.

Dungeon Overview and Level Annotations

Branches:
Dungeon (1/1)

Altars:
Ashenzari
Cheibriados
Dithmenos
Elyvilon
Fedhas
Gozag
Kikubaaqudgha
Makhleb
Nemelex Xobeh
Okawaru
Qazlal
Ru
Sif Muna
Trog
Vehumet
Xom
Yredelemnul
Zin
The Shining One
Beogh
Jiyva
Lugonu


Innate Abilities, Weirdness & Mutations

Your plain brown scales are hard (AC +4).
Your body does not fit into most forms of armour.
Your cold-blooded metabolism reacts poorly to cold.


Message History

You feel more experienced!
Your Maces & Flails skill gained 5 levels and is now at level 8!
You have reached level 2!
Your surroundings seem different!
Welcome to arena 1. 2 merfolk come into view.
The merfolk closely misses you.
The merfolk hits you from afar with a trident!
Ouch! That really hurt!
* * * LOW HITPOINT WARNING * * *
Xom is amused.
You are too injured to fight recklessly!
You are too injured to fight recklessly!
You are too injured to fight recklessly!
You are too injured to fight recklessly!
The merfolk hits you with a trident.
* * * LOW HITPOINT WARNING * * *
The merfolk hits you with a trident!!
Ouch! That really hurt!
You die...
Xom giggles madly!

▓▓▓▓▓▓▓
▓.8©8.▓
▓.....▓
▓.m.m.▓
▓..@..▓
▓.....▓
▓.....▓
▓▓▓▓▓▓▓


You could see 2 merfolk.

Vanquished Creatures (others)
  2 spatial maelstroms (D)
2 creatures vanquished.

Notes
Turn   | Place    | Note
--------------------------------------------------------------
     0 | D        | PolkaDot, the Draconian Chaos Knight, began the quest for the Orb.
     0 | D        | Reached XP level 1. HP: 19/19 MP: 1/1
     0 | D        | Found a corrupted altar of Lugonu.
     0 | D        | Found a viscous altar of Jiyva.
     0 | D        | Found a white marble altar of Elyvilon.
     0 | D        | Found a burning altar of Makhleb.
     0 | D        | Found an iron altar of Okawaru.
     0 | D        | Banished a spatial maelstrom
     2 | D        | Found a sparkling altar of Nemelex Xobeh.
     2 | D        | Found a basalt altar of Yredelemnul.
     2 | D        | Found a deep blue altar of Sif Muna.
     2 | D        | Found a radiant altar of Vehumet.
     2 | D        | Banished a spatial maelstrom
     8 | D        | Found a bloodstained altar of Trog.
    25 | D        | Found a shimmering altar of Xom.
    28 | D        | Reached skill level 8 in Maces & Flails
    28 | D        | Reached XP level 2. HP: 26/26 MP: 2/2
    29 | D        | Entered arena 1.
    29 | D        | Noticed a merfolk
    29 | D        | Noticed a merfolk
    31 | D        | Demolished by a merfolk

Action                   || total
-------------------------++-------
  Use: Potion            ||     2
